 Dungeon Crawl Stone Soup version 0.28.0-53-g5a82cb258f (webtiles) character file.

Game seed: 5382858980844353830

1451 unlimited1921 the Magician (level 9, -2/57 HPs)
             Began as a Djinni Fire Elementalist on Aug 12, 2022.
             Killed by an exploding centaur (7 damage)
             ... ignited by their inner flame
             ... on level 6 of the Dungeon.
             The game lasted 00:26:18 (14376 turns).

unlimited1921 the Magician (DjFE)                  Turns: 14376, Time: 00:26:19

Health: -2/57      AC: 10    Str:  7    XL:     9   Next: 4%
Gold:   40         EV: 13    Int: 22    God:
                   SH:  0    Dex: 15

rFire   + + .      SeeInvis .   K - +0 fustibalus
rCold   x . .      Faith    .   (no shield)
rNeg    . . .      Spirit   .   a - +0 robe
rPois   ∞          Reflect  .   z - +0 helmet
rElec   .          Harm     .   e - +1 cloak
rCorr   .          Rampage  .   r - +0 pair of gloves
Will    .....                   (boots unavailable)
Stlth   +++.......              (no amulet)
HPRegen 0.19/turn               u - +4 ring of protection
MPRegen 0.00/turn               (no ring)

@: flying
A: sickness immunity, fire resistance 2, cold vulnerability 1, float, innate
caster, HP casting, extra vitality 1, thin skeletal structure 1, sturdy frame 1
a: no special abilities


You were on level 6 of the Dungeon.
You visited 1 branch of the dungeon, and saw 6 of its levels.

You collected 356 gold pieces.
You spent 316 gold pieces at shops.

Inventory:

Hand Weapons
 d - a +0 short sword
 k - a +0 scythe
 m - a +0 hunting sling
 w - a +0 hand axe of flaming
 y - a +2 dagger of venom
 A - a +0 quarterstaff
 G - the +6 mace of Eternal Vigilance {vorpal, rElec rC+ Will+}
   (You took it off an orc on level 4 of the Dungeon)

   It inflicts extra damage upon your enemies.
   rC:        It protects you from cold.
   rElec:     It insulates you from electricity.
   Will:      It increases your willpower.
 K - a +0 fustibalus (weapon)
Missiles
 c - 203 stones (quivered ammo)
 j - 62 bolts
 n - 16 poisoned darts
 H - 6 boomerangs
Armour
 a - a +0 robe (worn)
 e - a +1 cloak (worn)
 r - a +0 pair of gloves (worn)
 x - a +0 chain mail
 z - a +0 helmet (worn)
 B - a +0 ring mail
Jewellery
 u - a +4 ring of protection (left hand)
 D - a ring of fire
Wands
 M - a wand of charming (22)
Scrolls
 b - 2 scrolls of enchant armour
 g - 3 scrolls of fog
 i - 2 scrolls of vulnerability {unknown}
 l - a scroll of magic mapping
 o - 3 scrolls of teleportation
 s - 2 scrolls of silence {unknown}
 v - a scroll of summoning
 E - a scroll of holy word {unknown}
 F - a scroll of identify
 J - 2 scrolls of immolation {unknown}
 O - a scroll of fear
 P - a scroll of blinking {unknown}
Potions
 f - a potion of mutation
 h - 2 potions of curing
 p - a potion of brilliance
 q - a potion of might {unknown}
 t - a potion of ambrosia
 C - a potion of attraction {unknown}
 I - a potion of resistance {unknown}
 L - 2 potions of invisibility {unknown}
 N - 2 potions of magic {unknown}


   Skills:
 + Level 1.5 Fighting
 + Level 1.5 Maces & Flails
 + Level 1.1 Slings
 + Level 3.3 Dodging
 + Level 3.4 Stealth
 * Level 7.3 Spellcasting


You couldn't memorise any spells.
You knew the following spells:

 Your Spells              Type           Power      Damage    Failure   Level
a - Foxfire               Conj/Fire      100%       2x1d9     1%          1
b - Scorch                Fire           80%        2d9       1%          2
c - Conjure Flame         Conj/Fire      40%        6-21      1%          3
d - Inner Flame           Hex/Fire       40%        N/A       1%          3
e - Flame Wave            Conj/Fire      40%        2d9       3%          4
f - Sandblast             Erth           80%        2d17      1%          1
g - Corpse Rot            Necr/Air       80%        N/A       1%          2
h - Wereblood             Tmut           40%        N/A       1%          2
i - Fulminant Prism       Conj/Hex       20%        3d13      3%          4
Your spell library was empty.

Dungeon Overview and Level Annotations

Branches:
Dungeon (6/15)
 Temple: D:4-7

Altars:
Sif Muna

Shops:
D:3 ?   D:6 *

Annotations:
D:3 azobrab's ghost, amateur DjFE


Innate Abilities, Weirdness & Mutations

You are immune to sickness and miasma.
You are immune to poison.
Your flesh is very heat resistant. (rF++)
You are vulnerable to cold. (rC-)
You float through the air rather than walking.
You learn spells naturally, not from books.
Your magical power is your life essence.
You have superior vitality. (+4 MHP)
You have a somewhat thin skeletal structure. (Dex +2, Stealth+)
Your movements are slightly less encumbered by armour. (ER -2)


Message History

Aiming: Fulminant Prism (dangerous; 3% risk of failure)
Press: ? - help, Dir - move target, f/p - centaur
Aim: a centaur, wielding a +0 long sword and quivering arrows (wisps of flame, inner flame)
You can't place the prism on a creature.
Casting: Fulminant Prism (dangerous; 3% risk of failure)
Confirm with . or Enter, or press ? or * to list all spells.
Aiming: Fulminant Prism (dangerous; 3% risk of failure)
Press: ? - help, Dir - move target, p - centaur You conjure a prism of explosive energy!
A fulminant prism comes into view.
The foxfire hits the centaur.
Flame seeps out of the centaur.
The centaur is lightly wounded.
Casting: Fulminant Prism (dangerous; 3% risk of failure)
Confirm with . or Enter, or press ? or * to list all spells.
You conjure some foxfire!
The centaur unwields a +0 long sword.
The centaur wields a +0 shortbow.
The centaur shoots an arrow.
The arrow hits you.
Your fulminant prism crackles loudly.
Casting: Foxfire (safe; 1% risk of failure)
Confirm with . or Enter, or press ? or * to list all spells.
You conjure some foxfire!
The foxfire hits the centaur!
Flame seeps out of the centaur.
The centaur is heavily wounded.
The foxfire hits the centaur.
Flame seeps out of the centaur.
The centaur is severely wounded.
The centaur is engulfed in blazing flames.
Flame seeps out of the centaur.
Your fulminant prism explodes!
The blast of energy engulfs the centaur!
The blast of energy engulfs your foxfire!!
Your foxfire is almost destroyed.
The blast of energy engulfs you!!
* * * LOW HITPOINT WARNING * * *
The blast of energy engulfs your foxfire!!
The centaur explodes!
The fiery explosion engulfs your foxfire.
Your foxfire completely resists.
Your foxfire is almost destroyed.
The fiery explosion engulfs you! You resist.
You die...

#...######...
##.......#...
##........'...
#....##..##...
#######8...##..#....
#......<.......#....
#....8.∩.8.....#....
#.......#..##..#....
#.v@§..8#####..#....
#.§§§...# ...+....
#.○§§...# #....
....))####### #....
....)○v .....
....).# ......#
....... ....


There were no monsters in sight!

Vanquished Creatures
  Sigmund (D:2)
  An ogre (D:5)
  2 centaurs (D:6)
  A phantom (D:5)
  A scorpion (D:5)
  A water moccasin skeleton (D:4)
  3 killer bees (D:5)
  A bullfrog zombie (D:5)
  2 centaur zombies (D:4)
  A jelly (D:6)
  An orc priest (D:3)
  3 hounds (D:5)
  3 iguanas
  Natasha (thrice) (D:3)
  An orc wizard (D:3)
  A centaur simulacrum (D:3)
  3 hound zombies (D:4)
  A scorpion simulacrum (D:3)
  4 hound skeletons (D:4)
  A howler monkey zombie (D:4)
  Robin (D:3)
  4 gnolls (D:6)
  A howler monkey skeleton (D:4)
  6 adders
  A hound simulacrum (D:3)
  A white imp (D:3)
  An adder skeleton (D:4)
  2 adder zombies (D:4)
  5 dart slugs
  3 worms
  11 orcs
  11 ball pythons
  An endoplasm (D:2)
  4 giant cockroaches
  16 goblins
  9 hobgoblins
  7 jackals
  2 quokkas
  7 bats
  5 frilled lizards
  A giant cockroach simulacrum (D:3)
  3 kobolds
  6 rats
  A foxfire (D:6)
144 creatures vanquished.

Vanquished Creatures (others)
  An adder (D:5)
  476 foxfires
  A fulminant prism (D:6)
  6 withered plants (D:4)
484 creatures vanquished.

Grand Total: 628 creatures vanquished

Notes
Turn   | Place    | Note
-------+----------+-------------------------------------------
     0 | D:1      | unlimited1921 the Djinni Fire Elementalist began the quest
                  | for the Orb.
     0 | D:1      | Reached XP level 1. HP: 15/15 MP: 0/0
   151 | D:1      | Reached XP level 2. HP: 14/21 MP: 0/0
  1119 | D:1      | Reached skill level 3 in Spellcasting
  1281 | D:1      | Reached XP level 3. HP: 22/25 MP: 0/0
  1281 | D:1      | Learned a level 1 spell: Sandblast
  2083 | D:2      | Noticed Sigmund
  2090 | D:2      | Killed Sigmund
  2091 | D:2      | Reached skill level 4 in Spellcasting
  2091 | D:2      | Reached XP level 4. HP: 15/31 MP: 0/0
  2091 | D:2      | Reached XP level 5. HP: 17/35 MP: 0/0
  2091 | D:2      | Learned a level 2 spell: Corpse Rot
  2091 | D:2      | Reached XP level 6. HP: 19/40 MP: 0/0
  4819 | D:3      | Found Qaism's Magic Scroll Emporium.
  4842 | D:3      | Bought a scroll of identify for 28 gold pieces
  4842 | D:3      | Bought a scroll of identify for 28 gold pieces
  4842 | D:3      | Bought a scroll of identify for 28 gold pieces
  4842 | D:3      | Bought a scroll of summoning for 133 gold pieces
  5302 | D:3      | Found a runed translucent gate.
  5302 | D:3      | Found a runed translucent gate.
  5302 | D:3      | Found a runed translucent gate.
  5593 | D:3      | Noticed Natasha
  5599 | D:3      | Killed Natasha
  5808 | D:3      | Noticed Robin
  5816 | D:3      | Reached skill level 5 in Spellcasting
  5819 | D:3      | Killed Robin
  5857 | D:3      | Noticed Natasha
  5860 | D:3      | Killed Natasha
  6139 | D:3      | Noticed azobrab's ghost (amateur DjFE)
  6239 | D:3      | Reached XP level 7. HP: 33/45 MP: 0/0
  6239 | D:3      | Learned a level 2 spell: Wereblood
  7304 | D:3      | Noticed Natasha
  7309 | D:3      | Killed Natasha
  8372 | D:4      | Reached skill level 6 in Spellcasting
 11279 | D:4      | Reached XP level 8. HP: 46/51 MP: 0/0
 11889 | D:4      | Identified the +6 mace of Eternal Vigilance {vorpal, rElec
                  | rC+ Will+}
 12337 | D:5      | Entered Level 5 of the Dungeon
 12348 | D:5      | Gained mutation: Your movements are slightly less
                  | encumbered by armour. (ER -2) [potion of mutation]
 12348 | D:5      | Gained mutation: You have a somewhat thin skeletal
                  | structure. (Dex +2, Stealth+) [potion of mutation]
 12909 | D:5      | Reached skill level 1 in Fighting
 12909 | D:5      | Reached skill level 1 in Maces & Flails
 13433 | D:5      | Reached skill level 7 in Spellcasting
 14148 | D:6      | Found Qetasch's Assorted Antiques.
 14162 | D:6      | Reached skill level 1 in Slings
 14303 | D:6      | Bought a scroll of identify for 42 gold pieces
 14303 | D:6      | Bought a fuming golden potion for 18 gold pieces
 14303 | D:6      | Bought a scroll labelled PENUVUM MUECYA for 21 gold pieces
 14303 | D:6      | Bought a fuming golden potion for 18 gold pieces
 14363 | D:6      | Reached XP level 9. HP: 42/57 MP: 0/0
 14363 | D:6      | Learned a level 4 spell: Fulminant Prism
 14376 | D:6      | Killed by an exploding centaur... ignited by their inner
                  | flame

Illustrated notes

Levels and vault maps discovered:
D:1:      lemuel_arrival_rhombus, layout_basic
D:2:      layout_basic, basic_altar, uniq_sigmund
D:3:      layout_basic, serial_shops, shop_coins, gammafunk_ghost_icy,
          uniq_robin, uniq_natasha
D:4:      layout_rooms, serial_undead, serial_undead_c, serial_undead_f,
          serial_undead_c, serial_undead_c, serial_undead_d, serial_undead_a,
          serial_undead_e
D:5:      layout_cave_pools, lemuel_old_faithful
D:6:      layout_gridville, minmay_temple_entry_from_below_a, serial_shops,
          nicolae_shop_statue_plus, uniq_eustachio, uniq_maggie

Skill      XL: |  1  2  3  4  5  6  7  8 |
---------------+-------------------------+-----
Spellcasting   | 3 4 5 6 7 |  7.3
Stealth        | 2 3 |  3.4
Fighting       | 1 |  1.5
Maces & Flails | 1 |  1.5
Dodging        | 3 |  3.3
Slings         | 1 |  1.1

Action                   |  1- 3 |  4- 6 |  7- 9 || total
-------------------------+-------+-------+-------++-------
Melee: Short sword       |     1 |     1 |       ||     2
       Mace              |       |       |    24 ||    24
 Fire: Fustibalus        |       |       |    14 ||    14
 Cast: Foxfire           |    52 |   100 |   117 ||   269
       Scorch            |     5 |    17 |    25 ||    47
       Sandblast         |       |     1 |     1 ||     2
       Inner Flame       |       |       |    15 ||    15
       Fulminant Prism   |       |       |     1 ||     1
  Use: Scroll            |       |     4 |     5 ||     9
       Potion            |       |       |     1 ||     1
 Stab: Sleeping          |       |       |     2 ||     2
Armor: Robe              |     2 |     5 |    22 ||    29
Dodge: Dodged            |     4 |     7 |    40 ||    51
